 Dungeon Crawl Stone Soup version 0.26-a0-651-gb41185065b (webtiles) character file.

Game seed: 14518519060392080065

1458 kae the Slicer (level 8, -1/64 HPs)
             Began as a Demonspawn Gladiator on Oct 23, 2020.
             Was a Follower of Okawaru.
             Slain by an orc warrior
             ... wielding a +0 battleaxe
              (15 damage)
             ... on level 6 of the Dungeon.
             The game lasted 00:05:44 (7659 turns).

kae the Slicer (Demonspawn Gladiator)               Turns: 7659, Time: 00:05:44

Health: -1/64      AC:  7    Str: 22    XL:     8   Next: 47%
Magic:  8/8        EV: 22    Int: 11    God:    Okawaru [*.....]
Gold:   309        SH:  0    Dex: 14    Spells: 7/7 levels left

rFire    . . .     SeeInvis .   a - +2 rapier
rCold    . . .     Faith    .   (no shield)
rNeg     . . .     Spirit   .   b - +0 leather armour
rPois    .         Reflect  .   (helmet restricted)
rElec    .         Harm     .   g - +0 cloak
rCorr    .         Rampage  .   (no gloves)
MR       .....                  (no boots)
Stlth    +.........             q - amulet of magic regeneration
HPRegen  0.20/turn              m - +4 ring of evasion
MPRegen  0.36/turn              f - +6 ring of strength

@: agile
A: antennae 1, slimy green scales 2, foul stench 1, powered by pain 1, rot
immunity
a: Heroism, Renounce Religion


You were on level 6 of the Dungeon.
You worshipped Okawaru.
Okawaru was aware of your devotion.
You visited 1 branch of the dungeon, and saw 6 of its levels.

You collected 309 gold pieces.

Inventory:

Hand Weapons
 a - a +2 rapier (weapon)
Missiles
 d - 4 throwing nets (quivered)
Armour
 b - a +0 leather armour (worn)
 c - a +0 helmet
 g - a +0 cloak (worn)
Jewellery
 f - a +6 ring of strength (right hand)
 m - a +4 ring of evasion (left hand)
 q - an amulet of magic regeneration (around neck)
Wands
 p - a wand of polymorph (7)
Scrolls
 e - a scroll of magic mapping
 j - a scroll of blinking {unknown}
 n - a scroll of identify
 o - 3 scrolls of remove curse
Potions
 h - a potion of cancellation
 i - 3 potions of haste
 k - a potion of curing


   Skills:
 - Level 6.0 Fighting
 * Level 8.4 Short Blades
 - Level 2.1 Throwing
 - Level 2.9 Dodging


You had 7 spell levels left.
You didn't know any spells.
Your spell library was empty.

Dungeon Overview and Level Annotations

Branches:
Dungeon (6/15)
 Temple: D:4-7

Altars:
Makhleb
Okawaru
Qazlal
Xom


Innate Abilities, Weirdness & Mutations

You have a pair of small antennae on your head.
You are mostly covered in slimy green scales. (AC +3)
You may emit foul miasma when damaged in melee.
You sometimes gain a little power by taking damage.
You are immune to rotting.


Message History

You hit the orc warrior but do no damage.
The orc warrior is heavily wounded.
You hit the orc warrior but do no damage.
The orc warrior is heavily wounded.
The orc warrior completely misses you.
You closely miss the orc warrior.
The orc warrior is heavily wounded.
You hit the orc warrior.
The orc warrior is heavily wounded.
The orc warrior closely misses you.
You hit the orc warrior but do no damage.
The orc warrior is heavily wounded.
The orc warrior hits you with a +0 battleaxe!!
* * * LOW HITPOINT WARNING * * *
You completely miss the orc warrior.
The orc warrior is heavily wounded.
You hit the orc warrior but do no damage.
The orc warrior is heavily wounded.
The orc warrior hits you with a +0 battleaxe!
You die...

#......####.####.....#.# ##.##
#.##.### #..........#.# #...#
.....# ###..........# #...#
#.#### ##.........)†#### #...#
#.#########...............# #...#
#.....##.......####....##.###...#
#####.##......##..######[....[†..
#####.##......#....##..##........
#......#...####o@.))..(.#........
#.###..#..## ##..##....#.###...#
#.###..#### ..'#'###..#### #...#
#.#....# ....##...##'#.[###.#.#
#.#.##.# #..##.....##....'....#
.......# #'##(......#....#....#
.......####.. #...8...##..####.##
.##......#:. #.......##'## #...
.####.#..# #..roo##..#######.


You could see an orc warrior.

Vanquished Creatures
  Sigmund (D:2)
  Menkaure (D:6)
  An ogre (D:2)
  3 bullfrogs (D:6)
  4 wights (D:6)
  A howler monkey (D:6)
  2 hounds
  4 orc priests (D:6)
  A bullfrog skeleton (D:5)
  An iguana (D:6)
  Natasha (twice) (D:3)
  5 worker ants
  5 orc wizards
  A worker ant zombie (D:5)
  4 adders
  3 ufetubi (D:5)
  An ooze (D:1)
  An adder skeleton (D:6)
  5 worms
  5 dart slugs
  6 leopard geckos
  13 orcs
  3 ball pythons
  12 bats
  4 giant cockroaches
  4 goblins
  11 hobgoblins
  6 jackals
  7 kobolds
  4 quokkas
  5 frilled lizards
  A leopard gecko zombie (D:6)
  A quokka skeleton (D:6)
  10 rats
138 creatures vanquished.

Vanquished Creatures (others)
  A leopard gecko (D:3)
1 creature vanquished.

Grand Total: 139 creatures vanquished

Notes
Turn   | Place    | Note
-------+----------+-------------------------------------------
     0 | D:1      | kae the Demonspawn Gladiator began the quest for the Orb.
     0 | D:1      | Reached XP level 1. HP: 16/16 MP: 1/1
   249 | D:1      | Gained mutation: You are immune to rotting. [demonic
                  | ancestry]
   249 | D:1      | Reached XP level 2. HP: 22/22 MP: 2/2
   443 | D:1      | Reached skill level 3 in Short Blades
   590 | D:1      | Gained mutation: You may emit foul miasma when damaged in
                  | melee. [demonic ancestry]
   590 | D:1      | Reached XP level 3. HP: 28/28 MP: 3/3
  1294 | D:2      | Noticed Sigmund
  1340 | D:2      | Killed Sigmund
  1340 | D:2      | Reached skill level 4 in Short Blades
  1340 | D:2      | Gained mutation: You have a pair of small antennae on your
                  | head. [demonic ancestry]
  1340 | D:2      | Reached XP level 4. HP: 8/37 MP: 4/4
  1340 | D:2      | Reached XP level 5. HP: 9/42 MP: 5/5
  1835 | D:2      | Found an iron altar of Okawaru.
  2235 | D:2      | Noticed an ogre
  2444 | D:2      | Killed an ogre
  2444 | D:2      | Gained mutation: You are partially covered in slimy green
                  | scales. (AC +2) [demonic ancestry]
  2444 | D:2      | Reached XP level 6. HP: 26/49 MP: 6/6
  3835 | D:3      | Noticed Natasha
  3839 | D:3      | Reached skill level 5 in Short Blades
  3851 | D:3      | Killed Natasha
  3851 | D:3      | Reached skill level 5 in Fighting
  3894 | D:3      | Noticed Natasha
  3909 | D:3      | Killed Natasha
  4317 | D:3      | Found a stormy altar of Qazlal.
  4607 | D:2      | Became a worshipper of Warmaster Okawaru
  4966 | D:5      | Entered Level 5 of the Dungeon
  5007 | D:5      | Found a shimmering altar of Xom.
  5036 | D:5      | Gained mutation: You are mostly covered in slimy green
                  | scales. (AC +3) [demonic ancestry]
  5036 | D:5      | Reached XP level 7. HP: 56/56 MP: 7/7
  5398 | D:5      | Found a burning altar of Makhleb.
  5398 | D:5      | Noticed a balrug
  6089 | D:6      | Noticed Menkaure
  6106 | D:6      | Killed Menkaure
  6106 | D:6      | Reached skill level 6 in Short Blades
  6109 | D:6      | Reached * piety under Okawaru
  6718 | D:6      | Reached skill level 7 in Short Blades
  6718 | D:6      | Gained mutation: You sometimes gain a little power by
                  | taking damage. [demonic ancestry]
  6718 | D:6      | Reached XP level 8. HP: 62/64 MP: 8/8
  7474 | D:6      | Reached skill level 8 in Short Blades
  7659 | D:6      | Slain by an orc warrior

Illustrated notes

Levels and vault maps discovered:
D:1:      lemuel_arrival_muddy, layout_basic, kennysheep_doodads,
          feat_on_display
D:2:      layout_rooms, nicolae_overflow_hidden_temple, uniq_sigmund
D:3:      layout_loops_cross, grunt_qazlal_clouds, uniq_natasha
D:4:      layout_rooms
D:5:      layout_loops_ring, kennysheep_mini_moat, makhleb_altar_promises_db
D:6:      minmay_bubble_buster, layout_loops_cross,
          cheibrodos_sewer_entry_sluice, uniq_menkaure

Skill      XL: |  1  2  3  4  5  6  7  8 |
---------------+-------------------------+-----
Throwing       | 2 |  2.1
Short Blades   | 3 4 5 7 8 |  8.4
Fighting       | 3 4 5 6 |  6.0
Dodging        | |  2.9

Action                   |  1- 3 |  4- 6 |  7- 9 || total
-------------------------+-------+-------+-------++-------
Melee: Rapier            |    84 |   252 |   207 ||   543
Evoke: Wand              |       |       |     1 ||     1
  Use: Potion            |     4 |     2 |     5 ||    11
       Scroll            |       |     7 |     7 ||    14
 Stab: Sleeping          |       |     1 |       ||     1
       Distracted        |       |     1 |       ||     1
Armor: Leather armour    |    21 |    56 |    36 ||   113
       Skin              |    33 |       |       ||    33
Dodge: Dodged            |    56 |   181 |   144 ||   381

Table legend: (Time is in decaauts)
 A = Elapsed time spent in this place.
 B = Non-inter-level travel time spent in this place.
 C = Inter-level travel time spent in this place.
 D = Time resting spent in this place.
 E = Time spent auto-exploring this place.
 F = Levels seen in this place.
 G = Mean time per level.
                   A        B        C        D        E       F      G
               +--------+--------+--------+--------+--------+-----+--------+
         Total |   7651 |   7415 |    236 |   1230 |   5091 |   6 | 1275.2 |
       Dungeon |   7651 |   7415 |    236 |   1230 |   5091 |   6 | 1275.2 |
               +--------+--------+--------+--------+--------+-----+--------+

Top non-repeatable levels by time:
     D:2: 2159 daAuts
     D:6: 1843 daAuts
     D:1: 1432 daAuts
     D:3: 1074 daAuts
     D:5: 828 daAuts
     D:4: 312 daAuts
